 Dungeon Crawl Stone Soup version 0.21-a0-201-g8501b10 (webtiles) character file.

42168 suicidejoker the Protected (level 13, -7/115 HPs)
             Began as a Deep Dwarf Artificer on Aug 16, 2017.
             Was a High Priest of Makhleb.
             Mangled by an orc knight
             ... wielding a +2 great mace
              (39 damage)
             ... on level 2 of the Orcish Mines on Aug 17, 2017.
             The game lasted 01:29:43 (9525 turns).

suicidejoker the Protected (Deep Dwarf Artificer)   Turns: 9525, Time: 01:29:43

Health: -7/115     AC: 17    Str: 18    XL:     13   Next: 84%
Magic:  30/30      EV: 19    Int: 12    God:    Makhleb [*****.]
Gold:   1354       SH:  0    Dex: 18    Spells: 12/12 levels left

rFire    + + .     SeeInvis +   b - +7 halberd of Success {drain, rElec rF+ MR+}
rCold    + . .     Gourm    .   (shield currently unavailable)
rNeg     . . .     Faith    .   R - +2 ring mail {MR+}
rPois    .         Spirit   .   L - +1 helmet
rElec    +         Reflect  .   Q - scarf {rC+ rF+}
rCorr    .         Harm     .   r - +2 pair of gloves
MR       +++++                  (no boots)
Stlth    ++++......             (no amulet)
HPRegen  0.00/turn              M - +2 ring of protection
MPRegen  0.22/turn              i - ring of magical power

@: non-regenerating
A: damage resistance, heal wounds, hooves 1, thin skeletal structure 1, see
invisible, blink, magic resistance 2, sense surroundings 2, no regeneration
a: Heal Wounds, Blink, Minor Destruction, Lesser Servant of Makhleb, Major
Destruction, Greater Servant of Makhleb, Renounce Religion


You were on level 2 of the Orcish Mines.
You worshipped Makhleb.
Makhleb was extremely pleased with you.
You were not hungry.

You visited 2 branches of the dungeon, and saw 14 of its levels.
You also visited: Sewer and Bailey.

You collected 1648 gold pieces.
You spent 294 gold pieces at shops.

Inventory:

Hand Weapons
 a - a +3 dagger of venom
 b - the +7 halberd of Success (weapon) {drain, rElec rF+ MR+}
   (You acquired it on level 6 of the Dungeon)

   A truly terrible weapon, it drains the life of those it strikes.
   It protects you from fire.
   It insulates you from electricity.
   It affects your resistance to hostile enchantments.
 s - a +0 blowgun
 y - a +1 dagger of draining
 D - a +5 morningstar of flaming
 G - a +0 flail of crushing
 V - a +2 flail of holy wrath
Missiles
 t - 81 poisoned needles
 E - a throwing net (quivered)
 F - 4 curare-tipped needles
Armour
 r - a +2 pair of gloves (worn)
 L - a +1 helmet (worn)
 Q - a scarf of resistance (worn)
 R - a +2 ring mail of magic resistance (worn)
Jewellery
 i - a ring of magical power (right hand)
 q - an uncursed ring of resist corrosion
 M - a +2 ring of protection (left hand)
 O - an uncursed ring of protection from cold
 U - an uncursed ring of protection from cold
Wands
 c - a wand of flame (0/48)
 d - a wand of enslavement (7/24)
 e - a wand of random effects (0/48)
 n - a wand of clouds (0/9)
 p - a wand of iceblast (0/15)
 w - a wand of lightning (0/15)
 I - a wand of polymorph (3/24)
 K - a wand of polymorph (16/24)
 N - a wand of polymorph (7/24)
 S - a wand of clouds (3/9)
 W - a wand of digging (9/24)
 Y - a wand of confusion (28/48)
Scrolls
 k - 14 scrolls of teleportation
 m - 2 scrolls of enchant weapon
 o - 3 scrolls of random uselessness
 u - 9 scrolls of remove curse
 B - a scroll of recharging
 P - 2 scrolls of amnesia
Potions
 v - 3 potions of agility
 z - 6 potions of curing
 A - 2 potions of resistance
 C - 3 potions of might
 H - 4 potions of flight
 T - 5 potions of brilliance
Comestibles
 f - 11 bread rations
 g - 11 fruits
 h - 8 royal jellies
 j - 10 meat rations


   Skills:
 + Level 7.0 Fighting
 - Level 3.7 Short Blades
 * Level 7.6 Polearms
 * Level 11.5 Armour
 * Level 11.4 Dodging
 + Level 9.7 Stealth
 + Level 11.4 Invocations
 + Level 10.5 Evocations


You had 12 spell levels left.
You didn't know any spells.

Dungeon Overview and Level Annotations

Branches:
Dungeon (12/15)            Temple (0/1) D:5            Lair (0/6) D:11
    Orc (2/2) D:12            Elf (0/3) Orc:2

Altars:
Cheibriados
Makhleb
Yredelemnul
Zin

Shops:
D:6 (


Innate Abilities, Weirdness & Mutations

You are resistant to damage.
You can heal yourself by infusing magical energy.
You passively map the area around you.
You do not regenerate.
You have large cloven feet.
You have a somewhat thin skeletal structure. (Dex +2, Stealth)
You have supernaturally acute eyesight. (SInv)
You can translocate small distances at will.
You are highly resistant to hostile enchantments. (MR++)


Message History

t - Shout!
Orders for allies: a - Attack new target. r - Retreat! s - Stop attacking. g - Guard the area. f - Follow me.
Anything else - Cancel.
Gang up on whom?
Press: ? - help, Dir - move target cursor, f - orc high priest
Aim: an orc high priest, wielding a mace (lightly wounded, unusually strong) Attack!
The Executioner gestures.
The Executioner seems to speed up.
The orc knight is engulfed in poison gas.
The orc knight looks as sick as possible!
The orc knight barely misses your cacodemon.
The smoke demon gestures at you. Beogh smites you!
* * * LOW HITPOINT WARNING * * *
The orc warrior looks even sicker.
The orc knight hits you with an enchanted great mace!!!
You die...

,* ##.........)..# * *,
, ,, ,, #........(...##
* ,, ...........)[..##
, ,,
,..............)..# , ,
..........)[)....# *
,,,
,*,..........))..o...,,
,, ,........#..o§§... ,
, ,
.#.##.4o#3§§§§...,,, ,
, *#,#...@oo§o§§.#.* ,
* * *
,#......12o§§o§.#, ,, *
*#...........#§.# *
##.#...........# * ,,
##......#.....# *
##...........#
##..#.#...###
#####....#


You could see 2 orc knights, an Executioner, 2 orc high priests, an ice devil, a
smoke demon, an orc warrior, 2 orc priests, an orc and a friendly cacodemon.

Vanquished Creatures
  Azrael (D:12)
  Snorg (D:11)
  Erolcha (Orc:2)
  A centaur warrior (D:9)
  Erica (D:11)
  2 two-headed ogres
  An unseen horror (D:10)
  Pikel (D:4)
  An ugly thing (D:11)
  A manticore (D:11)
  An elephant (D:11)
  Psyche (D:8)
  The ghost of tehllama the Insei, a novice OpTm (D:7)
  A troll (D:12)
  2 hippogriffs
  A wyvern (D:10)
  3 yaks (D:10)
  A water elemental (D:12)
  4 hogs (D:8)
  A hungry ghost (D:8)
  Eustachio (D:4)
  2 basilisks
  Grum (D:9)
  A human (D:8)
  A warg (Orc:1)
  3 vampire mosquitoes (D:12)
  Menkaure (D:7)
  An acid dragon (D:12)
  2 hell hounds (D:12)
  13 orc warriors
  4 sky beasts
  A slave (D:4)
  2 black bears
  4 ice beasts
  2 phantoms
  4 wolves (D:9)
  2 necrophages
  7 ogres
  3 centaurs
  4 big kobolds
  A crocodile (D:11)
  7 bullfrogs
  A gnoll sergeant (D:8)
  5 scorpions
  8 killer bees
  10 wights
  An electric eel (D:12)
  4 crimson imps
  3 howler monkeys
  2 bullfrog skeletons (D:6)
  5 hounds
  A quasit (D:11)
  24 orc priests
  A centaur zombie (D:11)
  3 jellies
  Ijyb (D:4)
  4 centaur skeletons
  3 iguanas
  Natasha (thrice) (D:4 D:6)
  13 orc wizards
  14 worker ants
  A hound skeleton (D:7)
  A mummy (D:5)
  A worker ant zombie (D:5)
  12 adders
  12 gnolls
  A river rat (Sewer)
  A shadow imp (D:5)
  An ooze (Sewer)
  An adder zombie (D:10)
  3 worms
  3 dart slugs
  6 leopard geckos
  81 orcs
  2 ball pythons (Sewer)
  9 giant cockroaches
  19 goblins
  13 hobgoblins
  2 jackals (D:3)
  14 kobolds
  4 quokkas
  6 bats
  6 frilled lizards
  A jackal skeleton (D:4)
  5 rats
  A spectral orc (D:3)
406 creatures vanquished.

Vanquished Creatures (collateral kills)
  An orc warlord (Bailey)
  An orc high priest (Orc:1)
  Sonja (Orc:2)
  2 orc knights
  2 orc sorcerers
  2 deep elf magi (D:12)
  A cyclops (D:12)
  Grinder (D:4)
  A hippogriff (D:12)
  A fire elemental (D:12)
  A hungry ghost (D:12)
  A warg (Orc:2)
  A hell hound (D:12)
  A water moccasin (D:12)
  9 orc warriors
  A phantom (D:12)
  A wight (D:12)
  An electric eel (D:12)
  6 orc priests (Orc:2)
  3 orc wizards (Orc:2)
  19 orcs
  5 goblins (Bailey)
  2 hobgoblins (Bailey)
64 creatures vanquished.

Vanquished Creatures (others)
  A stone giant (Orc:2)
1 creature vanquished.

Grand Total: 471 creatures vanquished

Notes
Turn   | Place    | Note
-------+----------+-------------------------------------------
     0 | D:1      | suicidejoker the Deep Dwarf Artificer began the quest for the Orb.
     0 | D:1      | Reached XP level 1. HP: 16/16 MP: 3/3
    49 | D:1      | Reached skill level 1 in Short Blades
   245 | D:1      | Reached skill level 1 in Fighting
   324 | D:1      | Reached XP level 2. HP: 23/25 MP: 5/5
   600 | D:2      | Reached skill level 1 in Armour
   778 | D:2      | Reached XP level 3. HP: 22/31 MP: 6/6
  1284 | D:3      | Reached XP level 4. HP: 20/38 MP: 7/7
  1403 | D:3      | Found a burning altar of Makhleb.
  1413 | D:3      | Became a worshipper of Makhleb the Destroyer
  1646 | D:3      | Reached XP level 5. HP: 7/44 MP: 8/8
  1785 | D:3      | Gained mutation: Your mind is acute. (Int +2) [potion of mutation]
  1785 | D:3      | Gained mutation: You occasionally shout uncontrollably at your foes. [potion of mutation]
  1785 | D:3      | Gained mutation: Your system is resistant to poisons. (rPois) [potion of mutation]
  1785 | D:3      | Gained mutation: You have a pair of small horns on your head. [potion of mutation]
  1786 | D:3      | Lost mutation: Your system is resistant to poisons. (rPois) [potion of mutation]
  1786 | D:3      | Lost mutation: Your mind is acute. (Int +2) [potion of mutation]
  1786 | D:3      | Lost mutation: You have a pair of small horns on your head. [potion of mutation]
  1786 | D:3      | Lost mutation: You occasionally shout uncontrollably at your foes. [potion of mutation]
  1786 | D:3      | Gained mutation: You are resistant to hostile enchantments. (MR+) [potion of mutation]
  1786 | D:3      | Gained mutation: You are highly resistant to hostile enchantments. (MR++) [potion of mutation]
  1786 | D:3      | Gained mutation: You have large cloven feet. [potion of mutation]
  1786 | D:3      | Gained mutation: You have supernaturally acute eyesight. (SInv) [potion of mutation]
  1869 | D:3      | Found a basalt altar of Yredelemnul.
  1913 | D:4      | Noticed Ijyb
  1917 | D:4      | Noticed Natasha
  1919 | D:4      | Noticed Grinder
  1924 | D:4      | Killed Ijyb
  1953 | D:4      | Killed Grinder
  1953 | D:4      | Reached XP level 6. HP: 22/52 MP: 9/9
  1962 | D:4      | Killed Natasha
  2025 | D:4      | Noticed Eustachio
  2031 | D:4      | Killed Eustachio
  2031 | D:4      | Reached skill level 5 in Evocations
  2100 | D:4      | Found a glowing drain.
  2118 | D:4      | Reached * piety under Makhleb
  2125 | Sewer    | Entered a sewer
  2169 | Sewer    | Reached XP level 7. HP: 16/61 MP: 10/10
  2500 | D:4      | Noticed Natasha
  2583 | D:4      | Reached skill level 5 in Dodging
  2662 | D:4      | Noticed Pikel
  2675 | D:4      | HP: 2/61 [Pikel/whip of electrocution (12)]
  2676 | D:4      | Killed Pikel
  2676 | D:4      | Reached skill level 5 in Armour
  2676 | D:4      | Reached XP level 8. HP: 38/69 MP: 12/12
  2958 | D:5      | Entered Level 5 of the Dungeon
  3071 | D:5      | Found a snail-covered altar of Cheibriados.
  3197 | D:5      | Reached skill level 5 in Stealth
  3201 | D:5      | Gained mutation: You have a somewhat thin skeletal structure. (Dex +2, Stealth) [mutagenic meat]
  3202 | D:5      | Gained mutation: You can translocate small distances at will. [mutagenic meat]
  3222 | D:5      | Reached ** piety under Makhleb
  3239 | D:5      | Found a staircase to the Ecumenical Temple.
  3769 | D:6      | Found Xuytyiph's Weapon Emporium.
  3772 | D:6      | Bought a +4 morningstar of protection for 294 gold pieces
  3894 | D:6      | Identified a scroll of acquirement
  3895 | D:6      | Got a jewelled halberd
  3896 | D:6      | Identified the +7 halberd of Success {drain, rElec rF+ MR+} (You acquired it on level 6 of the Dungeon)
  3955 | D:6      | Gained mutation: You passively map the area around you. [Deep Dwarf growth]
  3955 | D:6      | Reached XP level 9. HP: 47/78 MP: 13/13
  3958 | D:6      | Found a glowing silver altar of Zin.
  4004 | D:6      | Killed Natasha
  4302 | D:6      | Noticed Natasha
  4309 | D:6      | Killed Natasha
  4373 | D:7      | Reached skill level 1 in Polearms
  4474 | D:7      | Noticed tehllama's ghost (novice OpTm)
  4485 | D:7      | Killed tehllama's ghost
  4590 | D:7      | Noticed Menkaure
  4609 | D:7      | Killed Menkaure
  4922 | D:7      | Reached *** piety under Makhleb
  5291 | D:8      | Reached XP level 10. HP: 87/87 MP: 15/15
  5548 | D:8      | Reached **** piety under Makhleb
  5728 | D:8      | Found a flagged portal.
  5729 | D:8      | Noticed Psyche
  5740 | D:8      | Killed Psyche
  5740 | D:8      | Reached skill level 5 in Fighting
  5753 | Bailey   | Entered a bailey
  5915 | Bailey   | Reached ***** piety under Makhleb
  5919 | Bailey   | Noticed an orc warlord
  5921 | Bailey   | Noticed an orc knight
  5933 | Bailey   | Killed an orc knight
  5953 | Bailey   | HP: 2/88 [orc warlord/dire flail of protection (23)]
  5959 | Bailey   | Killed an orc warlord
  5959 | Bailey   | Reached skill level 5 in Polearms
  6011 | Bailey   | Reached XP level 11. HP: 16/96 MP: 17/17
  6148 | Bailey   | Reached skill level 10 in Armour
  6148 | Bailey   | Reached skill level 10 in Dodging
  6148 | Bailey   | Reached XP level 12. HP: 22/105 MP: 17/19
  6149 | Bailey   | Reached skill level 10 in Invocations
  6149 | Bailey   | Reached XP level 13. HP: 23/111 MP: 17/20
  6331 | D:8      | Got a bone hand axe
  6332 | D:8      | Identified the +6 hand axe "Vomox" {pain, MP-9 Dex+5} (You found it on level 8 of the Dungeon)
  6598 | D:9      | Got a fine rapier
  6599 | D:9      | Identified the +4 rapier of Purpose {drain, rF+ Int+4} (You found it on level 9 of the Dungeon)
  6938 | D:9      | Noticed Grum
  6952 | D:9      | Killed Grum
  7198 | D:10     | Entered Level 10 of the Dungeon
  7809 | D:11     | Noticed Snorg
  7817 | D:11     | Killed Snorg
  8000 | D:11     | Noticed Erica
  8010 | D:11     | Killed Erica
  8080 | D:11     | Found a staircase to the Lair.
  8096 | D:11     | Reached skill level 10 in Evocations
  8423 | D:12     | Noticed Azrael
  8448 | D:12     | Killed Azrael
  8780 | D:12     | Found a staircase to the Orcish Mines.
  8954 | Orc:1    | Entered Level 1 of the Orcish Mines
  9250 | Orc:2    | Entered Level 2 of the Orcish Mines
  9250 | Orc:2    | Noticed Sonja
  9250 | Orc:2    | Noticed a stone giant
  9259 | Orc:2    | Killed Sonja
  9269 | Orc:2    | Killed a stone giant
  9280 | Orc:2    | Found a staircase to the Elven Halls.
  9292 | Orc:2    | Upgraded the game from 0.21-a0-200-gb89f83b to 0.21-a0-201-g8501b10
  9461 | Orc:2    | Noticed Erolcha
  9469 | Orc:2    | Killed Erolcha
  9509 | Orc:2    | Reached ****** piety under Makhleb
  9519 | Orc:2    | Noticed an Executioner
  9525 | Orc:2    | Mangled by an orc knight

Vault maps used:
D:1:      lordsloth_arrival_two_stooges, hangedman_abyss_or_decor_stabs
D:3:      bloody_makhleb, yredelemnul_forgotten_temple_becter, first_bread,
          minmay_misc_feat_doors
D:4:      gup_sewer_entry_pipe, uniq_eustachio, uniq_grinder, uniq_natasha,
          uniq_pikel, uniq_ijyb
D:5:      slow_altar_2, minmay_temple_entry_grid, corexii_corridor_pit
D:6:      zin_statuary, serial_shops, nicolae_shop_behind_doors
D:7:      uniq_menkaure
D:8:      enter_bailey_2, grunt_livestock, uniq_psyche
D:9:      st_stairs_7, uniq_grum
D:10:     kennysheep_generic_room_3
D:11:     david_lair_generic, uniq_erica, uniq_snorg
D:12:     orc_0_dummy, billiards_dpeg, uniq_azrael
Orc:1:    nicolae_orc_lava_tube, abandoned_shop
Orc:2:    st_orc_pillars, uniq_sonja, uniq_erolcha
Sewer:    sewer_co_15_rooms
Bailey:   bailey_axe_minmay_hex_keep, bailey

Skill      XL: |  1  2  3  4  5  6  7  8  9 10 11 12 13 |
---------------+----------------------------------------+-----
Short Blades   | 1 2 3 |  3.7
Fighting       | 1 2 3 4 5 6 7 |  7.0
Armour         | 1 2 3 4 5 6 7 9 10 11 | 11.5
Stealth        | 2 3 4 5 6 7 8 9 |  9.7
Dodging        | 3 4 5 6 7 9 10 11 | 11.4
Evocations     | 5 6 7 8 9 10 | 10.5
Polearms       | 3 5 7 |  7.6
Invocations    | 10 11 | 11.4

Action                   |  1- 3 |  4- 6 |  7- 9 | 10-12 | 13-15 || total
-------------------------+-------+-------+-------+-------+-------++-------
Melee: Short sword       |    39 |       |       |       |       ||    39
       Dagger            |    63 |   121 |   185 |     2 |    22 ||   393
       Kick              |       |    14 |   103 |    52 |   114 ||   283
       Halberd           |       |       |   140 |   177 |   395 ||   712
Invok: Lesser Servant of |       |       |       |     2 |       ||     2
       Greater Servant o |       |       |       |       |     7 ||     7
 Abil: Blink             |       |       |       |     2 |     1 ||     3
       Heal Wounds       |       |       |       |       |     1 ||     1
Evoke: Wand              |    10 |     9 |    20 |     9 |    17 ||    65
  Use: Scroll            |       |     8 |     7 |     5 |    12 ||    32
       Potion            |       |     3 |     9 |     7 |     6 ||    25
 Stab: Paralysed         |       |     1 |     1 |       |       ||     2
       Sleeping          |       |       |     6 |     2 |    17 ||    25
       Confused          |       |       |       |       |     4 ||     4
       Distracted        |       |       |       |       |     3 ||     3
  Eat: Chunk             |     1 |     3 |    13 |     3 |    13 ||    33
Armor: Leather armour    |     7 |       |       |       |       ||     7
       Scale mail        |    18 |    38 |   103 |    56 |    50 ||   265
       Ring mail         |       |       |       |       |   125 ||   125
       Skin              |       |       |       |       |     5 ||     5
Dodge: Dodged            |    58 |    55 |   188 |   149 |   492 ||   942
